Map: Blueshift LE

Players

Chronos

  • Race: Protoss Protoss
  • League: Gold
  • Spawn Location: 7:00

Mesrob - Winner!

  • Race: Terran Terran
  • League: Gold
  • Spawn Location: 1:00

VOD

Have the link to the VOD?

Description

Time

  • Played on: Jan. 11, 2019, 10:42 a.m.
  • Length: 14:34
Show
View Real Time Build Order
Export as new Build Order

Chronos Protoss 

Build Orders:  

Get SALT Encoding   

  12  0:01  Probe  
  13  0:13  Probe  
  14  0:18  Pylon  
  14  0:25  Probe  
  15  0:37  Probe  
  15  0:38  Gateway  
  16  0:45  Probe  
  16  0:46  Assimilator  
  17  1:05  Probe  
  18  1:26  Probe  
  19  1:34  Cybernetics Core, Probe  
  20  1:42  Pylon  
  20  1:53  Probe, Gateway  
  21  2:01  Stalker  
  23  2:18  Probe  
  24  2:28  Warp Gate, Robotics Facility  
  24  2:31  Assimilator  
  24  2:38  Nexus  
  24  2:44  Pylon  
  24  2:45  Probe  
  25  2:59  Probe  
  25  3:03  Stalker  
  28  3:14  Sentry  
  28  3:17  Probe  
  31  3:30  Observer  
  32  3:43  Sentry  
  32  3:45  Probe  
  35  3:51  Probe  
  36  4:07  Immortal  
  40  4:13  Probe x2  
  42  4:26  Probe  
  43  4:36  Gateway  
  43  4:38  Gateway  
  43  4:53  Probe  
  44  5:02  Stargate  
  44  5:05  Probe  
  45  5:07  Protoss Air Weapons Level 1  
  45  5:24  Stalker x2  
  49  5:33  Probe x2  
  51  5:45  Probe  
  51  5:46  Assimilator  
  52  5:50  Assimilator  
  52  5:54  Pylon  
  52  5:56  Pylon  
  52  6:00  Pylon  
  52  6:08  Stargate  
  52  6:26  Probe x2  
  54  6:33  Void Ray  
  58  6:54  Void Ray  
  58  7:00  Nexus  
  62  7:02  Pylon  
  62  7:04  Pylon  
  62  7:06  Pylon  
  62  7:07  Probe  
  62  7:08  Probe  
  64  7:20  Void Ray  
  68  7:26  Pylon  
  68  7:28  Pylon  
  68  7:32  Probe x2  
  68  7:37  Void Ray, Protoss Air Armor Level 1  
  74  8:00  Fleet Beacon  
  74  8:03  Void Ray  
  78  8:09  Probe x2  
  80  8:20  Void Ray  
  83  8:38  Probe x3  
  86  8:55  Twilight Council  
  86  8:57  Void Ray x2  
  86  9:00  Forge  
  86  9:01  Forge  
  86  9:03  Probe  
  95  9:18  Protoss Shields Level 1  
  95  9:21  Protoss Ground Armor Level 1  
  95  9:25  Protoss Air Weapons Level 2  
  95  9:27  Charge  
  95  9:40  Zealot x4  
  95  9:44  Probe x3  
  106  9:53  Assimilator  
  106  9:57  Assimilator  
  106  10:03  Void Ray x2  
  106  10:12  Gateway  
  106  10:13  Gateway  
  114  10:14  Gateway x2  
  114  10:45  Zealot x4  
  114  10:49  Void Ray x2  
  130  11:07  Zealot  
  132  11:34  Protoss Shields Level 2  
  132  11:40  Protoss Ground Weapons Level 1  
  132  11:41  Pylon  
  132  11:42  Pylon  
  132  11:45  Probe  
  132  11:46  Pylon  
  133  11:51  Pylon  
  133  11:59  Probe  
  134  12:03  Pylon  
  134  12:46  Zealot x5  
  134  12:47  Zealot  
  53  13:14  Stalker x4  
  53  13:15  Stalker x3  
  53  13:18  Void Ray  
  53  13:19  Void Ray  
  43  13:39  Zealot x3  
  43  13:40  Zealot x3  
  43  14:00  Zealot x6  
Show
View Real Time Build Order
Export as new Build Order

Mesrob Terran - Winner!

Build Orders: Mech 

Get SALT Encoding   

  12  0:00  SCV  
  13  0:12  SCV  
  14  0:17  Supply Depot  
  14  0:26  SCV  
  15  0:38  Refinery, SCV  
  16  0:44  Barracks  
  16  0:56  SCV  
  17  1:14  SCV  
  18  1:35  Marine  
  19  1:42  Command Center  
  19  2:03  Bunker  
  19  2:13  Barracks Tech Lab  
  19  2:15  Factory  
  19  2:20  Engineering Bay  
  19  2:27  Orbital Command  
  19  2:48  Supply Depot  
  19  2:58  Orbital Command  
  19  3:00  SCV  
  20  3:12  SCV  
  21  3:13  Refinery  
  21  3:19  Armory  
  21  3:24  SCV  
  21  3:27  Siege Tank  
  25  3:29  Marine  
  25  3:33  SCV  
  27  3:36  SCV  
  28  3:46  SCV  
  29  3:49  SCV  
  30  3:58  SCV  
  30  3:59  Siege Tank  
  30  4:01  SCV  
  35  4:08  Supply Depot  
  35  4:10  Supply Depot  
  35  4:13  SCV  
  36  4:22  Missile Turret  
  36  4:25  SCV  
  37  4:35  Missile Turret  
  37  4:44  Missile Turret  
  37  4:53  Marine  
  38  5:00  Missile Turret, Siege Tank  
  38  5:01  Factory  
  38  5:06  SCV  
  38  5:07  Missile Turret, SCV  
  43  5:16  Terran Vehicle Weapons Level 1  
  43  5:18  SCV  
  43  5:20  SCV  
  45  5:24  Missile Turret  
  45  5:29  Refinery, Marine  
  45  5:30  SCV  
  45  5:32  SCV  
  48  5:42  SCV  
  49  5:52  Factory Reactor  
  49  5:55  Factory  
  49  5:56  Command Center  
  49  6:02  Refinery  
  49  6:05  SCV  
  49  6:07  SCV  
  51  6:14  Thor  
  51  6:17  SCV  
  51  6:18  Marine  
  59  6:30  Supply Depot  
  59  6:33  Armory  
  59  6:44  Hellbat  
  59  6:46  Factory Tech Lab  
  61  6:52  Hellbat  
  63  6:58  Supply Depot  
  63  7:10  Refinery, Terran Vehicle And Ship Armor Level 1  
  63  7:11  Planetary Fortress  
  63  7:14  SCV x2  
  65  7:19  Hellbat x2, Thor  
  65  7:20  Supply Depot  
  65  7:21  Supply Depot  
  75  7:26  SCV x2  
  77  7:38  SCV  
  77  7:39  SCV  
  77  7:42  Supply Depot, Thor  
  77  7:44  Hellbat  
  87  7:46  Supply Depot  
  87  7:47  Hellbat  
  87  7:51  SCV  
  90  7:56  Marine  
  91  7:59  SCV  
  91  8:01  SCV  
  91  8:03  SCV  
  94  8:05  Supply Depot  
  94  8:09  Refinery, Supply Depot  
  94  8:11  SCV  
  95  8:13  SCV  
  95  8:15  SCV, Thor  
  95  8:18  Hellbat  
  105  8:23  SCV  
  106  8:27  SCV  
  106  8:28  Supply Depot  
  106  8:32  Supply Depot  
  106  8:35  SCV  
  106  8:36  Thor  
  106  8:38  Hellbat  
  106  8:39  Hellbat  
  117  8:47  SCV  
  117  8:48  SCV  
  119  8:49  SCV  
  119  8:53  Factory  
  119  8:54  Supply Depot  
  120  8:59  SCV  
  120  9:00  SCV  
  120  9:01  SCV  
  123  9:04  Hellbat  
  123  9:05  Hellbat  
  127  9:10  Thor  
  127  9:11  SCV  
  127  9:12  SCV  
  127  9:13  SCV  
  136  9:17  Supply Depot  
  136  9:23  Starport, SCV  
  137  9:24  SCV  
  137  9:25  Terran Vehicle And Ship Armor Level 2  
  137  9:27  Terran Vehicle Weapons Level 2  
  137  9:31  Thor  
  144  9:32  Hellion  
  146  9:39  Supply Depot  
  146  9:40  Factory Reactor  
  146  9:43  Factory  
  146  9:58  Thor  
  152  10:02  Hellbat x2  
  152  10:03  Supply Depot  
  156  10:18  Command Center  
  156  10:26  Hellion  
  156  10:29  Command Center  
  156  10:30  Sensor Tower  
  156  10:42  SCV x3  
  159  10:54  SCV x3  
  162  10:59  Sensor Tower  
  162  11:05  Factory Tech Lab  
  162  11:06  Widow Mine x2, SCV x3  
  162  11:08  Widow Mine x2  
  162  11:09  Thor x2  
  185  11:18  SCV x2  
  187  11:19  SCV  
  186  11:30  SCV x2  
  186  11:31  Planetary Fortress  
  188  11:35  Refinery  
  188  11:38  Command Center  
  188  11:40  Refinery  
  188  11:43  SCV x2  
  190  11:52  Thor  
  181  12:55  Thor x3  
  177  13:12  Hellbat x4  
  165  13:20  Starport  
  163  13:29  Fusion Core  
  163  13:33  Hellbat  
  161  13:37  Thor  
  161  13:38  Thor  
  173  13:58  Starport  
  173  14:02  SCV  
Tags
 
Composition
Mech
League
GoldGold
Matchup
PvT
Replay Pack
sc2 replays
Spawn Locations
Cross Positions
Add a new tag
Caveats
  • Supply blocks, unpowered buildings, or Contaminate may cause inaccurate times.
  • Supply counts are checked every 10 seconds.